Flames vs Maple Leafs

Created - 29 février 2016 at 19:12

Goals
1 2 3 T
Flames 0 1 0 1
Maple Leafs 2 2 1 5
Shots
1 2 3 T
Flames 9 6 11 26
Maple Leafs 13 6 11 30

1st period

1. Maple Leafs , Fabian Brunnstrom 13 (Brendan Morrison, Noah Welch) at 14:01
2. Maple Leafs , Evgeni Malkin 27 (Claude Giroux, Tobias Enstrom) at 15:13 (PP)

Penalties :
David Backes (Cal) for Interference (Minor) at 5:58, Alexander Semin (Cal) for High sticking (Minor) at 14:18, Steve Eminger (Cal) for Cross-checking (Minor) at 14:41

2nd period

3. Flames , David Backes 30 (Eric Staal) at 4:26 (PP)
4. Maple Leafs , Jordan Staal 14 (Matt Pettinger, Justin Schultz) at 8:26
5. Maple Leafs , Evgeni Malkin 28 (Claude Giroux) at 10:27 (PP)

Penalties :
Evgeni Malkin (Tor) for Roughing (Minor) at 4:24, Milan Hejduk (Cal) for Hooking (Minor) at 9:47, David Backes (Cal) for Tripping (Minor) at 10:11, Alexander Semin (Cal) for Diving (Minor) at 14:39

3rd period

6. Maple Leafs , Claude Giroux 38 (Taylor Chorney) at 19:10

Penalties :
Alexander Frolov (Tor) for Goalie Interference (Minor) at 2:53, Milan Hejduk (Cal) for Hooking (Minor) at 12:12, Alexander Frolov (Tor) for Roughing (Minor) at 16:04, Martins Karsums (Tor) for Hooking (Minor) at 19:31

Goalie Stats

Pekka Rinne (Cal), 25 saves from 30 shots - (0,833), L, 26-19-3, 60:00 minutes
Marc-André Fleury (Tor), 25 saves from 26 shots - (0,962), W, 31-18-2, 60:00 minutes

Players Stats for Flames

Player Name              G  A  P  +/- PIM S  H  SB GA TA FO     MP     PP MP  PK MP  
------------------------------------------------------------------------------------
Alexander Semin          0  0  0  -2  4   0  0  2  0  0  0/2    20:37   2:34   3:26 
Brad Marchand            0  0  0   0  0   4  2  0  0  0  0/0    10:27   0:00   2:26 
Colin Wilson             0  0  0   0  0   1  0  0  0  0  0/1     8:56   0:00   1:01 
Craig Adams              0  0  0   0  0   0  0  0  0  1  1/1     7:29   0:00   0:00 
David Backes             1  0  1  -2  4   4  1  2  1  0  1/1    20:41   2:34   3:44 
Derek Meech              0  0  0   0  0   0  0  1  0  0  0/0    15:44   1:52   4:01 
Eric Staal               0  1  1  -2  0   2  2  0  1  0  12/29  21:39   2:34   4:50 
Erik Johnson             0  0  0   0  0   0  1  2  1  0  0/0    22:01   2:36   5:16 
Filip Kuba               0  0  0  -2  0   2  3  1  0  1  0/0    22:57   2:36   0:22 
Joe Corvo                0  0  0  -1  0   0  0  1  0  0  0/0    14:46   0:00   0:00 
Jordin Tootoo            0  0  0  -1  0   1  1  1  0  0  0/0    13:01   0:00   0:00 
Marcel Goc               0  0  0  -1  0   3  1  0  0  1  8/15   17:52   0:00   4:44 
Mark Bell                0  0  0   0  0   1  1  0  0  0  0/1    11:43   1:54   0:17 
Milan Hejduk             0  0  0   0  4   2  1  0  0  0  1/1    11:24   1:54   0:00 
Patrik Berglund          0  0  0   0  0   1  1  0  1  0  3/5    11:33   1:54   0:07 
Ron Hainsey              0  0  0   0  0   0  0  1  0  0  0/0    19:21   1:52   6:41 
Steve Eminger            0  0  0  -3  2   2  2  2  0  1  0/0    25:11   0:00   5:03 
Steve Regier             0  0  0  -1  0   3  0  0  0  1  0/1    13:01   0:00   0:00 

Players Stats for Maple Leafs

Player Name              G  A  P  +/- PIM S  H  SB GA TA FO     MP     PP MP  PK MP  
------------------------------------------------------------------------------------
Alexander Frolov         0  0  0   1  4   0  0  0  1  1  0/1    21:04   6:15   0:00 
Blake Comeau             0  0  0   0  0   3  1  0  0  0  0/1     9:46   0:00   1:14 
Braydon Coburn           0  0  0   0  0   2  2  2  0  0  0/0    27:27   7:03   2:21 
Brendan Morrison         0  1  1   1  0   1  1  0  1  0  6/8    17:07   3:39   1:29 
Claude Giroux            1  2  3   1  0   4  1  1  2  0  4/5    22:47   6:15   2:36 
Colby Armstrong          0  0  0   1  0   1  0  0  0  0  0/0    14:45   4:27   0:00 
Evgeni Malkin            2  0  2   1  2   7  0  0  0  0  17/32  22:44   6:15   2:34 
Fabian Brunnstrom        1  0  1   1  0   5  0  0  0  0  0/0    17:32   3:39   0:59 
Jamie McBain             0  0  0   1  0   0  3  1  0  1  0/0    21:09   3:39   2:07 
Jordan Staal             1  0  1   1  0   1  0  1  0  1  2/5    11:28   0:48   0:04 
Justin Abdelkader        0  0  0   0  0   1  2  0  0  0  0/1     7:49   0:00   0:00 
Justin Schultz           0  1  1   2  0   0  2  2  1  0  0/0    11:24   0:00   0:00 
Martins Karsums          0  0  0   1  2   1  1  0  0  0  1/2    11:38   0:00   0:00 
Matt Pettinger           0  1  1   1  0   2  2  1  0  0  0/1    10:59   0:48   0:00 
Noah Welch               0  1  1   2  0   0  0  0  0  1  0/0    11:24   0:00   0:00 
Rob Schremp              0  0  0   0  0   0  0  0  0  0  1/1     7:49   0:00   0:00 
Taylor Chorney           0  1  1   1  0   1  0  1  0  0  0/0    21:09   3:39   2:07 
Tobias Enstrom           0  1  1   0  0   1  1  4  0  0  0/0    27:27   7:03   2:21 

3 Stars

1 - Claude Giroux (Tor)
2 - Evgeni Malkin (Tor)
3 - Marc-André Fleury (Tor)

Power Play

Flames - 1 on 4 Attempt(s) - 25,00%
Maple Leafs - 2 on 7 Attempt(s) - 28,57%

Penalty Kill

Flames - 5 on 7 Attempt(s) - 71,43% - Score 0 goal in Penalty Kill
Maple Leafs - 3 on 4 Attempt(s) - 75,00% - Score 0 goal in Penalty Kill

Team Stat

Flames - Hits : 16 - Faceoff Wins : 26 - Blocked Shots : 13 - Penalty Minutes : 14
Maple Leafs - Hits : 16 - Faceoff Wins : 31 - Blocked Shots : 13 - Penalty Minutes : 8

Official

Referees : Marouelli Dan and Banfield David
Linesman : Steve Miller and Jean Morin

Game Notes

No Game Note

Finance

Level 1 -- Attendance: 4463 (74,38%) -- Ticket Income 446 300 $
Level 2 -- Attendance: 3498 (69,96%) -- Ticket Income 227 370 $
Level 3 -- Attendance: 1318 (65,90%) -- Ticket Income 55 356 $
Level 4 -- Attendance: 2452 (61,30%) -- Ticket Income 73 560 $
Luxury Box -- Attendance: 796 (79,60%) -- Ticket Income 147 260 $
Game was played at the Maple Leafs Garden.
Total Attendance: 12527 (69,59%)
Total Ticket Income: 949 846 $
Other Income: 142 477 $
Total Income: 1 092 323 $

Flames

5 vs 5 Forward 
   Center                   Left Wing                Right Wing               Time % Phy DF OF 
 1 Eric Staal               Alexander Semin          David Backes             39     1   2  2  
 2 Marcel Goc               Steve Regier             Jordin Tootoo            30     1   2  2  
 3 Patrik Berglund          Mark Bell                Milan Hejduk             21     1   2  2  
 4 Colin Wilson             Brad Marchand            Craig Adams              10     1   2  2  

5 vs 5 Defense 
   Defense                  Defense                                           Time % Phy DF OF 
 1 Filip Kuba               Steve Eminger                                     40     1   2  2  
 2 Joe Corvo                Erik Johnson                                      30     1   2  2  
 3 Derek Meech              Ron Hainsey                                       20     1   2  2  
 4 Filip Kuba               Steve Eminger                                     10     1   2  2  

PowerPlay Forward 
   Center                   Left Wing                Right Wing               Time % Phy DF OF 
 1 Eric Staal               Alexander Semin          David Backes             60     1   2  2  
 2 Patrik Berglund          Mark Bell                Milan Hejduk             40     1   2  2  

PowerPlay Defense
   Defense                  Defense                                           Time % Phy DF OF 
 1 Filip Kuba               Erik Johnson                                      60     1   2  2  
 2 Derek Meech              Ron Hainsey                                       40     1   2  2  

Penalty Kill 4 Players Forward 
   Center                   Wing                     Time % Phy DF OF 
 1 Marcel Goc               David Backes             60     1   3  1  
 2 Eric Staal               Alexander Semin          40     1   3  1  

Penalty Kill 4 Players Defense
   Defense                  Defense                  Time % Phy DF OF 
 1 Ron Hainsey              Steve Eminger            60     1   3  1  
 2 Derek Meech              Erik Johnson             40     1   3  1  

Penalty Kill - 3 Players Forward 
   Forward                                           Time % Phy DF OF 
 1 Eric Staal                                        60     1   4  0  
 2 David Backes                                      40     1   4  0  

Penalty Kill - 3 Players Defense
   Defense                  Defense                  Time % Phy DF OF 
 1 Ron Hainsey              Steve Eminger            60     1   4  0  
 2 Derek Meech              Erik Johnson             40     1   4  0  

4 vs 4 Forward 
   Center                   Wing                     Time % Phy DF OF 
 1 Eric Staal               Alexander Semin          60     1   2  2  
 2 Marcel Goc               David Backes             40     1   2  2  

4 vs 4 Defense
   Defense                  Defense                  Time % Phy DF OF 
 1 Filip Kuba               Steve Eminger            60     1   2  2  
 2 Joe Corvo                Erik Johnson             40     1   2  2  

Last Minutes Offensive
   Center                   Left Wing                Right Wing               Defense                  Defense                  
   Eric Staal               Alexander Semin          David Backes             Filip Kuba               Steve Eminger            

Last Minutes Defensive
   Center                   Left Wing                Right Wing               Defense                  Defense                  
   Eric Staal               Alexander Semin          David Backes             Filip Kuba               Steve Eminger            

Goaltenders
Starting : Pekka Rinne              
Backup : Craig Anderson           

Extra Forwards
Normal : Alexander Semin, Jordin Tootoo, Steve Regier - PP : Steve Regier, Brad Marchand - PK : David Backes
Extra Defensemen
Normal : Erik Johnson, Joe Corvo, Ron Hainsey - PP : Filip Kuba - PK : Erik Johnson, Ron Hainsey
Penalty Shots
Eric Staal, Alexander Semin, David Backes, Patrik Berglund, Steve Regier

Maple Leafs

5 vs 5 Forward 
   Center                   Left Wing                Right Wing               Time % Phy DF OF 
 1 Evgeni Malkin            Alexander Frolov         Claude Giroux            40     1   2  2  
 2 Brendan Morrison         Fabian Brunnstrom        Martins Karsums          30     1   2  2  
 3 Jordan Staal             Matt Pettinger           Colby Armstrong          20     1   2  2  
 4 Rob Schremp              Justin Abdelkader        Blake Comeau             10     1   2  2  

5 vs 5 Defense 
   Defense                  Defense                                           Time % Phy DF OF 
 1 Tobias Enstrom           Braydon Coburn                                    40     1   2  2  
 2 Taylor Chorney           Jamie McBain                                      30     1   2  2  
 3 Justin Schultz           Noah Welch                                        20     1   2  2  
 4 Tobias Enstrom           Braydon Coburn                                    10     1   2  2  

PowerPlay Forward 
   Center                   Left Wing                Right Wing               Time % Phy DF OF 
 1 Evgeni Malkin            Alexander Frolov         Claude Giroux            60     1   2  2  
 2 Brendan Morrison         Fabian Brunnstrom        Colby Armstrong          40     1   2  2  

PowerPlay Defense
   Defense                  Defense                                           Time % Phy DF OF 
 1 Tobias Enstrom           Braydon Coburn                                    60     1   2  2  
 2 Taylor Chorney           Jamie McBain                                      40     1   2  2  

Penalty Kill 4 Players Forward 
   Center                   Wing                     Time % Phy DF OF 
 1 Claude Giroux            Evgeni Malkin            60     1   2  2  
 2 Alexander Frolov         Brendan Morrison         40     1   2  2  

Penalty Kill 4 Players Defense
   Defense                  Defense                  Time % Phy DF OF 
 1 Tobias Enstrom           Braydon Coburn           60     1   2  2  
 2 Taylor Chorney           Jamie McBain             40     1   2  2  

Penalty Kill - 3 Players Forward 
   Forward                                           Time % Phy DF OF 
 1 Claude Giroux                                     60     1   2  2  
 2 Evgeni Malkin                                     40     1   2  2  

Penalty Kill - 3 Players Defense
   Defense                  Defense                  Time % Phy DF OF 
 1 Tobias Enstrom           Braydon Coburn           60     1   2  2  
 2 Taylor Chorney           Jamie McBain             40     1   2  2  

4 vs 4 Forward 
   Center                   Wing                     Time % Phy DF OF 
 1 Claude Giroux            Evgeni Malkin            60     1   2  2  
 2 Alexander Frolov         Brendan Morrison         40     1   2  2  

4 vs 4 Defense
   Defense                  Defense                  Time % Phy DF OF 
 1 Tobias Enstrom           Braydon Coburn           60     1   2  2  
 2 Taylor Chorney           Jamie McBain             40     1   2  2  

Last Minutes Offensive
   Center                   Left Wing                Right Wing               Defense                  Defense                  
   Evgeni Malkin            Alexander Frolov         Claude Giroux            Tobias Enstrom           Braydon Coburn           

Last Minutes Defensive
   Center                   Left Wing                Right Wing               Defense                  Defense                  
   Evgeni Malkin            Alexander Frolov         Claude Giroux            Tobias Enstrom           Braydon Coburn           

Goaltenders
Starting : Marc-André Fleury        
Backup : Mike Smith               

Extra Forwards
Normal : Jordan Staal, Matt Pettinger, Blake Comeau - PP : Jordan Staal, Matt Pettinger - PK : Blake Comeau
Extra Defensemen
Normal : Justin Schultz, Noah Welch, Taylor Chorney - PP : Justin Schultz - PK : Noah Welch, Taylor Chorney
Penalty Shots
Claude Giroux, Evgeni Malkin, Alexander Frolov, Brendan Morrison, Fabian Brunnstrom

% Time on Ice - Flames

Lines # - Real PCT - Wanted PCT - Time Play
Normal Forward
1 - 32% - 39% - 14:24
2 - 30% - 30% - 13:29
3 - 21% - 21% - 9:28
4 - 17% - 10% - 7:29
Normal Defense
1 - 45% - 40% - 20:02
2 - 29% - 30% - 13:04
3 - 21% - 20% - 9:18
4 - 5% - 10% - 2:26
PP Forward
1 - 57% - 60% - 2:34
2 - 43% - 40% - 1:54
PP Defense
1 - 58% - 60% - 2:36
2 - 42% - 40% - 1:52
PK Forward
1 - 74% - 60% - 7:22
2 - 26% - 40% - 2:32
PK Defense
1 - 63% - 60% - 6:15
2 - 37% - 40% - 3:39
PK3 Forward
1 - 100% - 60% - 0:48
2 - 0% - 40% - 0:00
PK3 Defense
1 - 100% - 60% - 0:48
2 - 0% - 40% - 0:00
44 Forward
1 - 0% - 60%
2 - 0% - 40%
44 Defense
1 - 0% - 60%
2 - 0% - 40%
Last Minute Offensive  - 0:00
Last Minute Defensive  - 0:00
Total
Forward - 60:00
Defense - 60:00

% Time on Ice - Maple Leafs

Lines # - Real PCT - Wanted PCT - Time Play
Normal Forward
1 - 33% - 40% - 14:51
2 - 28% - 30% - 12:25
3 - 22% - 20% - 9:45
4 - 17% - 10% - 7:49
Normal Defense
1 - 39% - 40% - 17:38
2 - 34% - 30% - 15:23
3 - 25% - 20% - 11:24
4 - 1% - 10% - 0:25
PP Forward
1 - 58% - 60% - 6:15
2 - 42% - 40% - 4:27
PP Defense
1 - 66% - 60% - 7:03
2 - 34% - 40% - 3:39
PK Forward
1 - 81% - 60% - 3:38
2 - 19% - 40% - 0:50
PK Defense
1 - 53% - 60% - 2:21
2 - 47% - 40% - 2:07
PK3 Forward
1 - 0% - 60%
2 - 0% - 40%
PK3 Defense
1 - 0% - 60%
2 - 0% - 40%
44 Forward
1 - 0% - 60%
2 - 0% - 40%
44 Defense
1 - 0% - 60%
2 - 0% - 40%
Last Minute Offensive  - 0:00
Last Minute Defensive  - 0:00
Total
Forward - 60:00
Defense - 60:00

Play by Play

1st period


0:01 of 1st period - Evgeni Malkin wins face-off versus Eric Staal in neutral zone.
0:27 of 1st period - Tobias Enstrom is hit by Milan Hejduk and loses puck.
1:13 of 1st period - Snap shot by Brad Marchand.
1:13 of 1st period - Stopped by Marc-André Fleury without a rebound.
1:14 of 1st period - Eric Staal wins face-off versus Evgeni Malkin in Maple Leafs zone.
1:58 of 1st period - Milan Hejduk is hit by Justin Schultz and loses puck.
2:05 of 1st period - Noah Welch is hit by Mark Bell and loses puck.
2:22 of 1st period - Snap shot by Jordan Staal.
2:22 of 1st period - Shot Misses the Net.
2:24 of 1st period - Wrist shot by Jordan Staal.
2:24 of 1st period - Deflect By Matt Pettinger.
2:24 of 1st period - Shot Blocked by Derek Meech.
2:24 of 1st period - Puck is out of play.
2:25 of 1st period - Jordan Staal wins face-off versus Eric Staal in Flames zone.
2:50 of 1st period - Snap shot by Jordan Staal.
2:50 of 1st period - Shot Blocked by David Backes.
2:52 of 1st period - Slapshot by Taylor Chorney.
2:52 of 1st period - Shot Blocked by Alexander Semin.
2:54 of 1st period - Snap shot by Jordan Staal.
2:54 of 1st period - Shot Blocked by Alexander Semin.
2:56 of 1st period - Wrist shot by Matt Pettinger.
2:56 of 1st period - Stopped by Pekka Rinne with a rebound.
3:00 of 1st period - Snap shot by Jordan Staal.
3:00 of 1st period - Deflect By Colby Armstrong.
3:00 of 1st period - Stopped by Pekka Rinne with a rebound.
3:02 of 1st period - Wrist shot by Jordan Staal.
3:02 of 1st period - Shot Hit the Post.
3:04 of 1st period - Slapshot by Taylor Chorney.
3:04 of 1st period - Stopped by Pekka Rinne without a rebound.
3:05 of 1st period - Evgeni Malkin wins face-off versus Marcel Goc in Flames zone.
3:16 of 1st period - Wrist shot by Claude Giroux.
3:16 of 1st period - Shot Blocked by Ron Hainsey.
3:18 of 1st period - Wrist shot by Claude Giroux.
3:18 of 1st period - Shot Blocked by Jordin Tootoo.
3:20 of 1st period - Snap shot by Evgeni Malkin.
3:20 of 1st period - Stopped by Pekka Rinne with a rebound.
3:22 of 1st period - Snap shot by Alexander Frolov.
3:22 of 1st period - Shot Misses the Net.
3:38 of 1st period - Jordin Tootoo is hit by Blake Comeau.
4:23 of 1st period - Steve Eminger is hit by Martins Karsums and loses puck.
4:34 of 1st period - Slapshot by Marcel Goc.
4:34 of 1st period - Shot Misses the Net.
4:36 of 1st period - Snap shot by Filip Kuba.
4:36 of 1st period - Shot Misses the Net.
4:38 of 1st period - Slapshot by Steve Eminger.
4:38 of 1st period - Shot Misses the Net.
4:40 of 1st period - Snap shot by Marcel Goc.
4:40 of 1st period - Stopped by Marc-André Fleury with a rebound.
4:42 of 1st period - Slapshot by Filip Kuba.
4:42 of 1st period - Shot Blocked by Jamie McBain.
5:08 of 1st period - Wrist shot by Fabian Brunnstrom.
5:08 of 1st period - Stopped by Pekka Rinne with a rebound.
5:32 of 1st period - Wrist shot by Steve Regier.
5:32 of 1st period - Stopped by Marc-André Fleury without a rebound.
5:33 of 1st period - Eric Staal wins face-off versus Evgeni Malkin in Maple Leafs zone.
5:34 of 1st period - Snap shot by David Backes.
5:34 of 1st period - Stopped by Marc-André Fleury without a rebound.
5:35 of 1st period - David Backes wins face-off versus Alexander Frolov in Maple Leafs zone.
5:36 of 1st period - Snap shot by Alexander Semin.
5:36 of 1st period - Shot Misses the Net.
5:52 of 1st period - Snap shot by Evgeni Malkin.
5:52 of 1st period - Shot Misses the Net.
5:58 of 1st period - Minor Penalty to David Backes for Interference.
5:59 of 1st period - Evgeni Malkin wins face-off versus Eric Staal in Flames zone.
6:14 of 1st period - Snap shot by Evgeni Malkin.
6:14 of 1st period - Shot Misses the Net.
6:16 of 1st period - Slapshot by Tobias Enstrom.
6:16 of 1st period - Shot Blocked by Steve Eminger.
6:42 of 1st period - Snap shot by Brad Marchand.
6:42 of 1st period - Shot Misses the Net.
7:58 of 1st period - Penalty to David Backes is over, David Backes is back on ice.
7:59 of 1st period - Ron Hainsey is hit by Matt Pettinger and loses puck.
8:23 of 1st period - Wrist shot by David Backes.
8:23 of 1st period - Stopped by Marc-André Fleury without a rebound.
8:24 of 1st period - Patrik Berglund wins face-off versus Evgeni Malkin in Maple Leafs zone.
9:18 of 1st period - Slapshot by Tobias Enstrom.
9:18 of 1st period - Stopped by Pekka Rinne without a rebound.
9:19 of 1st period - Brendan Morrison wins face-off versus Marcel Goc in Flames zone.
9:20 of 1st period - Snap shot by Fabian Brunnstrom.
9:20 of 1st period - Stopped by Pekka Rinne with a rebound.
9:32 of 1st period - Snap shot by Fabian Brunnstrom.
9:32 of 1st period - Shot Misses the Net.
9:52 of 1st period - Wrist shot by Claude Giroux.
9:52 of 1st period - Deflect By Evgeni Malkin.
9:52 of 1st period - Shot Blocked by David Backes.
9:52 of 1st period - Puck is out of play.
9:53 of 1st period - Evgeni Malkin wins face-off versus Eric Staal in Flames zone.
9:56 of 1st period - Snap shot by Claude Giroux.
9:56 of 1st period - Stopped by Pekka Rinne without a rebound.
9:57 of 1st period - Evgeni Malkin wins face-off versus Eric Staal in Flames zone.
10:12 of 1st period - Slapshot by David Backes.
10:12 of 1st period - Shot Blocked by Claude Giroux.
10:46 of 1st period - Snap shot by Patrik Berglund.
10:46 of 1st period - Shot Misses the Net.
10:54 of 1st period - Steve Eminger is hit by Braydon Coburn and loses puck.
11:05 of 1st period - Snap shot by Eric Staal.
11:05 of 1st period - Shot Blocked by Braydon Coburn.
11:11 of 1st period - Snap shot by Alexander Semin.
11:11 of 1st period - Shot Misses the Net.
11:13 of 1st period - Snap shot by Eric Staal.
11:13 of 1st period - Stopped by Marc-André Fleury with a rebound.
11:15 of 1st period - Slapshot by Steve Eminger.
11:15 of 1st period - Shot Misses the Net.
12:01 of 1st period - Erik Johnson is hit by Jamie McBain and loses puck.
13:08 of 1st period - Off-side.
13:09 of 1st period - Jordan Staal wins face-off versus Mark Bell in neutral zone.
13:14 of 1st period - Wrist shot by Braydon Coburn.
13:14 of 1st period - Shot Misses the Net.
13:45 of 1st period - Colin Wilson is hit by Braydon Coburn.
14:01 of 1st period - Wrist shot by Fabian Brunnstrom.
14:01 of 1st period - Goal by Fabian Brunnstrom - Flames : 0 - Maple Leafs : 1.
14:02 of 1st period - Eric Staal wins face-off versus Evgeni Malkin in neutral zone.
14:15 of 1st period - Snap shot by Evgeni Malkin.
14:15 of 1st period - Stopped by Pekka Rinne without a rebound.
14:16 of 1st period - Eric Staal wins face-off versus Evgeni Malkin in Flames zone.
14:18 of 1st period - Minor Penalty to Alexander Semin for High sticking.
14:19 of 1st period - Marcel Goc wins face-off versus Evgeni Malkin in Flames zone.
14:41 of 1st period - Minor Penalty to Steve Eminger for Cross-checking.
14:42 of 1st period - Evgeni Malkin wins face-off versus Eric Staal in Flames zone.
14:57 of 1st period - Snap shot by Evgeni Malkin.
14:57 of 1st period - Stopped by Pekka Rinne without a rebound.
14:58 of 1st period - Claude Giroux wins face-off versus Eric Staal in Flames zone.
15:01 of 1st period - Wrist shot by Claude Giroux.
15:01 of 1st period - Shot Misses the Net.
15:03 of 1st period - Wrist shot by Alexander Frolov.
15:03 of 1st period - Shot Misses the Net.
15:05 of 1st period - Slapshot by Tobias Enstrom.
15:05 of 1st period - Shot Blocked by Erik Johnson.
15:11 of 1st period - Wrist shot by Claude Giroux.
15:11 of 1st period - Shot Misses the Net.
15:13 of 1st period - Snap shot by Evgeni Malkin.
15:13 of 1st period - Goal by Evgeni Malkin - Flames : 0 - Maple Leafs : 2.
15:14 of 1st period - Marcel Goc wins face-off versus Evgeni Malkin in neutral zone.
15:27 of 1st period - Wrist shot by Claude Giroux.
15:27 of 1st period - Stopped by Pekka Rinne with a rebound.
16:41 of 1st period - Penalty to Steve Eminger is over, Steve Eminger is back on ice.
16:48 of 1st period - Snap shot by Brad Marchand.
16:48 of 1st period - Stopped by Marc-André Fleury without a rebound.
16:49 of 1st period - Brendan Morrison wins face-off versus Colin Wilson in Maple Leafs zone.
17:26 of 1st period - Wrist shot by Claude Giroux.
17:26 of 1st period - Shot Misses the Net.
17:59 of 1st period - Joe Corvo is hit by Justin Abdelkader and loses puck.
18:25 of 1st period - Off-side.
18:26 of 1st period - Brendan Morrison wins face-off versus Marcel Goc in neutral zone.
18:37 of 1st period - Snap shot by Marcel Goc.
18:37 of 1st period - Stopped by Marc-André Fleury with a rebound.
18:39 of 1st period - Snap shot by Jordin Tootoo.
18:39 of 1st period - Stopped by Marc-André Fleury with a rebound.
Goals for this period are 0 for Flames vs 2 for Maple Leafs.
Shots for this period are 9 for Flames vs 13 for Maple Leafs.

2nd period


0:01 of 2nd period - Evgeni Malkin wins face-off versus Eric Staal in neutral zone.
0:26 of 2nd period - Filip Kuba is hit by Matt Pettinger and loses puck.
0:37 of 2nd period - Slapshot by Milan Hejduk.
0:37 of 2nd period - Stopped by Marc-André Fleury with a rebound.
1:16 of 2nd period - Wrist shot by Brad Marchand.
1:16 of 2nd period - Stopped by Marc-André Fleury without a rebound.
1:17 of 2nd period - Eric Staal wins face-off versus Jordan Staal in Maple Leafs zone.
1:31 of 2nd period - Wrist shot by Alexander Semin.
1:31 of 2nd period - Shot Blocked by Tobias Enstrom.
2:09 of 2nd period - Brendan Morrison is hit by Jordin Tootoo and loses puck.
3:08 of 2nd period - Taylor Chorney is hit by Steve Eminger and loses puck.
4:02 of 2nd period - David Backes is hit by Jamie McBain and loses puck.
4:09 of 2nd period - Snap shot by Matt Pettinger.
4:09 of 2nd period - Shot Misses the Net.
4:13 of 2nd period - Snap shot by Matt Pettinger.
4:13 of 2nd period - Stopped by Pekka Rinne with a rebound.
4:24 of 2nd period - Minor Penalty to Evgeni Malkin for Roughing.
4:25 of 2nd period - Eric Staal wins face-off versus Claude Giroux in Maple Leafs zone.
4:26 of 2nd period - Wrist shot by David Backes.
4:26 of 2nd period - Goal by David Backes - Flames : 1 - Maple Leafs : 2.
4:27 of 2nd period - Eric Staal wins face-off versus Evgeni Malkin in neutral zone.
4:45 of 2nd period - Icing by Braydon Coburn.
4:46 of 2nd period - Evgeni Malkin wins face-off versus Marcel Goc in Maple Leafs zone.
5:26 of 2nd period - Snap shot by Claude Giroux.
5:26 of 2nd period - Shot Misses the Net.
5:30 of 2nd period - Slapshot by Claude Giroux.
5:30 of 2nd period - Stopped by Pekka Rinne without a rebound.
5:31 of 2nd period - Brendan Morrison wins face-off versus Eric Staal in Flames zone.
5:40 of 2nd period - Slapshot by Filip Kuba.
5:40 of 2nd period - Stopped by Marc-André Fleury with a rebound.
6:30 of 2nd period - Slapshot by Erik Johnson.
6:30 of 2nd period - Shot Blocked by Jordan Staal.
6:34 of 2nd period - Snap shot by Erik Johnson.
6:34 of 2nd period - Shot Misses the Net.
6:36 of 2nd period - Slapshot by Erik Johnson.
6:36 of 2nd period - Shot Misses the Net.
6:38 of 2nd period - Slapshot by Erik Johnson.
6:38 of 2nd period - Shot Blocked by Matt Pettinger.
7:02 of 2nd period - Jamie McBain is hit by Brad Marchand and loses puck.
8:05 of 2nd period - Off-side.
8:06 of 2nd period - Eric Staal wins face-off versus Jordan Staal in neutral zone.
8:09 of 2nd period - Jordan Staal is hit by Eric Staal and loses puck.
8:26 of 2nd period - Snap shot by Jordan Staal.
8:26 of 2nd period - Goal by Jordan Staal - Flames : 1 - Maple Leafs : 3.
8:27 of 2nd period - Evgeni Malkin wins face-off versus Eric Staal in neutral zone.
8:56 of 2nd period - Snap shot by Steve Eminger.
8:56 of 2nd period - Stopped by Marc-André Fleury without a rebound.
8:57 of 2nd period - Martins Karsums wins face-off versus Marcel Goc in Maple Leafs zone.
9:08 of 2nd period - Wrist shot by Fabian Brunnstrom.
9:08 of 2nd period - Stopped by Pekka Rinne with a rebound.
9:47 of 2nd period - Minor Penalty to Milan Hejduk for Hooking.
9:48 of 2nd period - Marcel Goc wins face-off versus Evgeni Malkin in Flames zone.
10:11 of 2nd period - Minor Penalty to David Backes for Tripping.
10:12 of 2nd period - Eric Staal wins face-off versus Evgeni Malkin in Flames zone.
10:21 of 2nd period - Slapshot by Tobias Enstrom.
10:21 of 2nd period - Deflect By Evgeni Malkin.
10:21 of 2nd period - Stopped by Pekka Rinne without a rebound.
10:22 of 2nd period - Evgeni Malkin wins face-off versus Eric Staal in Flames zone.
10:27 of 2nd period - Snap shot by Evgeni Malkin.
10:27 of 2nd period - Goal by Evgeni Malkin - Flames : 1 - Maple Leafs : 4.
10:28 of 2nd period - Evgeni Malkin wins face-off versus Marcel Goc in neutral zone.
10:39 of 2nd period - Slapshot by Evgeni Malkin.
10:39 of 2nd period - Shot Misses the Net.
12:02 of 2nd period - Icing by Colby Armstrong.
12:03 of 2nd period - Eric Staal wins face-off versus Evgeni Malkin in Maple Leafs zone.
12:11 of 2nd period - Penalty to David Backes is over, David Backes is back on ice.
12:30 of 2nd period - Wrist shot by Justin Abdelkader.
12:30 of 2nd period - Shot Misses the Net.
12:40 of 2nd period - Noah Welch is hit by Steve Eminger and loses puck.
12:57 of 2nd period - Snap shot by Jordin Tootoo.
12:57 of 2nd period - Shot Misses the Net.
12:59 of 2nd period - Backhand shot by Filip Kuba.
12:59 of 2nd period - Deflect By Taylor Chorney.
12:59 of 2nd period - Stopped by Marc-André Fleury with a rebound.
13:13 of 2nd period - Alexander Frolov is hit by David Backes and loses puck.
13:18 of 2nd period - Snap shot by Alexander Semin.
13:18 of 2nd period - Shot Blocked by Taylor Chorney.
14:39 of 2nd period - Minor Penalty to Alexander Semin for Diving.
14:40 of 2nd period - Marcel Goc wins face-off versus Evgeni Malkin in Flames zone.
15:42 of 2nd period - Brad Marchand is hit by Brendan Morrison and loses puck.
16:39 of 2nd period - Penalty to Alexander Semin is over, Alexander Semin is back on ice.
16:49 of 2nd period - Alexander Semin is hit by Jamie McBain and loses puck.
17:53 of 2nd period - Colin Wilson is hit by Tobias Enstrom and loses puck.
18:54 of 2nd period - Justin Abdelkader is hit by Brad Marchand and loses puck.
19:18 of 2nd period - Braydon Coburn is hit by Patrik Berglund and loses puck.
19:40 of 2nd period - Fabian Brunnstrom is hit by Filip Kuba.
19:55 of 2nd period - Ron Hainsey is hit by Justin Schultz and loses puck.
Goals for this period are 1 for Flames vs 2 for Maple Leafs.
Shots for this period are 6 for Flames vs 6 for Maple Leafs.

3rd period


0:01 of 3rd period - Evgeni Malkin wins face-off versus Alexander Semin in neutral zone.
0:06 of 3rd period - Snap shot by Tobias Enstrom.
0:06 of 3rd period - Shot Blocked by Steve Eminger.
0:40 of 3rd period - Slapshot by Steve Regier.
0:40 of 3rd period - Stopped by Marc-André Fleury with a rebound.
0:51 of 3rd period - Off-side.
0:52 of 3rd period - Brendan Morrison wins face-off versus Patrik Berglund in neutral zone.
1:06 of 3rd period - Snap shot by Martins Karsums.
1:06 of 3rd period - Stopped by Pekka Rinne without a rebound.
1:07 of 3rd period - Eric Staal wins face-off versus Evgeni Malkin in Flames zone.
1:59 of 3rd period - Snap shot by Milan Hejduk.
1:59 of 3rd period - Stopped by Marc-André Fleury with a rebound.
2:53 of 3rd period - Minor Penalty to Alexander Frolov for Goalie Interference.
2:54 of 3rd period - Claude Giroux wins face-off versus Eric Staal in Maple Leafs zone.
4:51 of 3rd period - Snap shot by Blake Comeau.
4:51 of 3rd period - Stopped by Pekka Rinne without a rebound.
4:52 of 3rd period - Patrik Berglund wins face-off versus Blake Comeau in Flames zone.
4:53 of 3rd period - Penalty to Alexander Frolov is over, Alexander Frolov is back on ice.
5:38 of 3rd period - Wrist shot by Marcel Goc.
5:38 of 3rd period - Shot Misses the Net.
5:50 of 3rd period - Patrik Berglund is hit by Justin Abdelkader and loses puck.
5:55 of 3rd period - Snap shot by Blake Comeau.
5:55 of 3rd period - Stopped by Pekka Rinne without a rebound.
5:56 of 3rd period - Rob Schremp wins face-off versus Patrik Berglund in Flames zone.
6:19 of 3rd period - Wrist shot by Evgeni Malkin.
6:19 of 3rd period - Shot Misses the Net.
6:35 of 3rd period - Snap shot by Marcel Goc.
6:35 of 3rd period - Stopped by Marc-André Fleury without a rebound.
6:36 of 3rd period - Brendan Morrison wins face-off versus Steve Regier in Maple Leafs zone.
6:43 of 3rd period - Snap shot by Steve Regier.
6:43 of 3rd period - Stopped by Marc-André Fleury without a rebound.
6:44 of 3rd period - Evgeni Malkin wins face-off versus Eric Staal in Maple Leafs zone.
6:44 of 3rd period - Evgeni Malkin is hit by Eric Staal.
6:56 of 3rd period - Wrist shot by Evgeni Malkin.
6:56 of 3rd period - Stopped by Pekka Rinne with a rebound.
7:46 of 3rd period - Snap shot by Milan Hejduk.
7:46 of 3rd period - Shot Misses the Net.
7:55 of 3rd period - Off-side.
7:56 of 3rd period - Craig Adams wins face-off versus Justin Abdelkader in neutral zone.
8:05 of 3rd period - Wrist shot by Blake Comeau.
8:05 of 3rd period - Deflect By Justin Abdelkader.
8:05 of 3rd period - Stopped by Pekka Rinne with a rebound.
8:07 of 3rd period - Wrist shot by Noah Welch.
8:07 of 3rd period - Shot Misses the Net.
8:09 of 3rd period - Wrist shot by Blake Comeau.
8:09 of 3rd period - Stopped by Pekka Rinne without a rebound.
8:10 of 3rd period - Evgeni Malkin wins face-off versus Alexander Semin in Flames zone.
8:25 of 3rd period - Snap shot by Eric Staal.
8:25 of 3rd period - Shot Blocked by Tobias Enstrom.
8:58 of 3rd period - Wrist shot by Matt Pettinger.
8:58 of 3rd period - Shot Misses the Net.
9:31 of 3rd period - Wrist shot by Steve Eminger.
9:31 of 3rd period - Deflect By Mark Bell.
9:31 of 3rd period - Stopped by Marc-André Fleury without a rebound.
9:32 of 3rd period - Evgeni Malkin wins face-off versus Eric Staal in Maple Leafs zone.
9:37 of 3rd period - Alexander Semin is hit by Claude Giroux and loses puck.
10:30 of 3rd period - Slapshot by Evgeni Malkin.
10:30 of 3rd period - Shot Blocked by Filip Kuba.
11:04 of 3rd period - Snap shot by Eric Staal.
11:04 of 3rd period - Stopped by Marc-André Fleury without a rebound.
11:05 of 3rd period - Marcel Goc wins face-off versus Martins Karsums in Maple Leafs zone.
11:08 of 3rd period - Slapshot by Marcel Goc.
11:08 of 3rd period - Shot Misses the Net.
11:14 of 3rd period - Slapshot by Braydon Coburn.
11:14 of 3rd period - Stopped by Pekka Rinne without a rebound.
11:15 of 3rd period - Marcel Goc wins face-off versus Brendan Morrison in Flames zone.
11:38 of 3rd period - Martins Karsums is hit by Erik Johnson and loses puck.
11:45 of 3rd period - Wrist shot by Fabian Brunnstrom.
11:45 of 3rd period - Shot Blocked by Erik Johnson.
11:47 of 3rd period - Slapshot by Braydon Coburn.
11:47 of 3rd period - Stopped by Pekka Rinne with a rebound.
11:49 of 3rd period - Wrist shot by Martins Karsums.
11:49 of 3rd period - Shot Blocked by Joe Corvo.
11:51 of 3rd period - Snap shot by Brendan Morrison.
11:51 of 3rd period - Stopped by Pekka Rinne without a rebound.
11:52 of 3rd period - Milan Hejduk wins face-off versus Matt Pettinger in Flames zone.
11:57 of 3rd period - Wrist shot by Patrik Berglund.
11:57 of 3rd period - Stopped by Marc-André Fleury without a rebound.
11:58 of 3rd period - Patrik Berglund wins face-off versus Jordan Staal in Maple Leafs zone.
12:12 of 3rd period - Minor Penalty to Milan Hejduk for Hooking.
12:13 of 3rd period - Marcel Goc wins face-off versus Evgeni Malkin in Flames zone.
12:17 of 3rd period - Slapshot by Steve Eminger.
12:17 of 3rd period - Stopped by Marc-André Fleury without a rebound.
12:18 of 3rd period - Evgeni Malkin wins face-off versus Marcel Goc in Maple Leafs zone.
12:18 of 3rd period - Evgeni Malkin is hit by Marcel Goc.
12:48 of 3rd period - Slapshot by Fabian Brunnstrom.
12:48 of 3rd period - Stopped by Pekka Rinne with a rebound.
14:12 of 3rd period - Penalty to Milan Hejduk is over, Milan Hejduk is back on ice.
14:26 of 3rd period - Snap shot by Milan Hejduk.
14:26 of 3rd period - Shot Blocked by Justin Schultz.
14:28 of 3rd period - Snap shot by Mark Bell.
14:28 of 3rd period - Shot Blocked by Justin Schultz.
14:40 of 3rd period - Slapshot by Brad Marchand.
14:40 of 3rd period - Stopped by Marc-André Fleury with a rebound.
15:10 of 3rd period - Wrist shot by Patrik Berglund.
15:10 of 3rd period - Shot Misses the Net.
15:41 of 3rd period - Tobias Enstrom is hit by Filip Kuba.
16:04 of 3rd period - Minor Penalty to Alexander Frolov for Roughing.
16:05 of 3rd period - Claude Giroux wins face-off versus Eric Staal in Maple Leafs zone.
16:05 of 3rd period - Claude Giroux is hit by Filip Kuba.
16:19 of 3rd period - Slapshot by Erik Johnson.
16:19 of 3rd period - Shot Misses the Net.
18:04 of 3rd period - Penalty to Alexander Frolov is over, Alexander Frolov is back on ice.
18:18 of 3rd period - Wrist shot by Brad Marchand.
18:18 of 3rd period - Shot Misses the Net.
18:20 of 3rd period - Snap shot by Joe Corvo.
18:20 of 3rd period - Shot Misses the Net.
18:22 of 3rd period - Slapshot by Colin Wilson.
18:22 of 3rd period - Shot Blocked by Tobias Enstrom.
18:24 of 3rd period - Wrist shot by Colin Wilson.
18:24 of 3rd period - Stopped by Marc-André Fleury with a rebound.
19:02 of 3rd period - Icing by Craig Adams.
19:03 of 3rd period - Eric Staal wins face-off versus Evgeni Malkin in Flames zone.
19:10 of 3rd period - Slapshot by Claude Giroux.
19:10 of 3rd period - Goal by Claude Giroux - Flames : 1 - Maple Leafs : 5.
19:11 of 3rd period - Evgeni Malkin wins face-off versus Eric Staal in neutral zone.
19:20 of 3rd period - Wrist shot by David Backes.
19:20 of 3rd period - Stopped by Marc-André Fleury with a rebound.
19:24 of 3rd period - Wrist shot by David Backes.
19:24 of 3rd period - Shot Blocked by Tobias Enstrom.
19:26 of 3rd period - Slapshot by Eric Staal.
19:26 of 3rd period - Deflect By David Backes.
19:26 of 3rd period - Shot Blocked by Braydon Coburn.
19:26 of 3rd period - Puck is out of play.
19:27 of 3rd period - Marcel Goc wins face-off versus Brendan Morrison in Maple Leafs zone.
19:31 of 3rd period - Minor Penalty to Martins Karsums for Hooking.
19:32 of 3rd period - Claude Giroux wins face-off versus Eric Staal in Maple Leafs zone.
Goals for this period are 0 for Flames vs 1 for Maple Leafs.
Shots for this period are 11 for Flames vs 11 for Maple Leafs.